 Dungeon Crawl Stone Soup version 0.18-a0-1203-gbde16db (webtiles) character file.

16700 ipx the Covert (level 12, -9/51 HPs)
             Began as a Spriggan Enchanter on Feb 1, 2016.
             Was a Priest of Ashenzari.
             Mangled by a white ugly thing (32 damage)
             ... on level 15 of the Dungeon.
             The game lasted 01:20:12 (6308 turns).

ipx the Covert (Spriggan Enchanter)                 Turns: 6308, Time: 01:20:12

Health: -9/51      AC:  4    Str:  9    XL:     12   Next: 12%
Magic:  4/35       EV: 22    Int: 21    God:    Ashenzari [***...]
Gold:   424        SH:  8    Dex: 17    Spells: 4 memorised, 19 levels left

rFire  . . .     SeeInvis +     x - +1 rapier (venom) (curse)
rCold  . . .     Gourm    .     b - +1 robe (curse)
rNeg   . . .     Faith    .     N - +0 buckler (curse)
rPois  .         Spirit   .     (helmet restricted)
rElec  .         Dismiss  .     D - +0 cloak (curse)
rCorr  .         Reflect  .     (gloves unavailable)
SustAt +         Harm     .     (boots unavailable)
MR     ++...                    (no amulet)
Stlth  +++++++...               i - ring of the Eleven Lives {SustAt MP+9 Str+3}
                                l - +2 ring of strength (curse)

@: very quick, very resistant to hostile enchantments, extremely stealthy
A: unfitting armour, see invisible, herbivore 3, speed 3, slow metabolism 2
a: Scrying, Renounce Religion


You were on level 15 of the Dungeon.
You worshipped Ashenzari.
Ashenzari was most pleased with you.
You were not hungry.

You visited 2 branches of the dungeon, and saw 16 of its levels.
You also visited: Sewer and Bailey.

You collected 424 gold pieces.

Inventory:

Hand Weapons
 a - a +1 dagger
 x - a cursed +1 rapier of venom (weapon)
 A - a +1 short sword of holy wrath
Armour
 b - a cursed +1 robe (worn)
 D - a cursed +0 cloak (worn)
 N - a cursed +0 buckler (worn)
Jewellery
 i - the ring of the Eleven Lives (right hand) {SustAt MP+9 Str+3}
   (You found it on level 7 of the Dungeon)

   [ring of sustain attributes]

   It sustains your strength, intelligence and dexterity.
   It affects your strength (+3).
   It affects your magic capacity (+9).
 l - a cursed +2 ring of strength (left hand)
 E - an uncursed ring of positive energy
 J - an uncursed ring of wizardry
Wands
 n - a wand of hasting (9/9)
 z - a wand of confusion (15/48)
 C - a wand of random effects (30/48)
 F - a wand of flame (17/48)
 H - a wand of lightning (2/15)
 M - a wand of slowing (23/48)
 U - a wand of disintegration (6/24)
 V - a wand of digging (4/24)
Scrolls
 g - a scroll of immolation
 j - 7 scrolls of teleportation
 o - 2 scrolls of magic mapping
 p - a scroll of fear
 r - a scroll of fog
 u - a scroll of recharging
 w - 2 scrolls of noise
 G - 2 scrolls of amnesia
 O - a scroll of random uselessness {unknown}
 Q - 3 scrolls of identify
 R - a scroll of curse jewellery
 S - a scroll of curse weapon
 W - 2 scrolls of summoning {unknown}
 X - 3 scrolls of remove curse
Potions
 e - 4 potions of magic
 f - a potion of heal wounds
 m - a potion of brilliance
 q - 2 potions of haste
 s - a potion of curing
 B - 2 potions of berserk rage {unknown}
 I - a potion of lignification
 K - a potion of flight {unknown}
 P - a potion of poison {unknown}
Books
 c - a book of Maledictions

   Spells                             Type                      Level
   a - Corona                         Hexes                        1
   b - Ensorcelled Hibernation        Hexes/Ice                    2
   c - Confuse                        Hexes                        3
   d - Tukima's Dance                 Hexes                        3
   e - Dazzling Spray                 Conjuration/Hexes            3
 t - a book of the Sky

   Spells                             Type                      Level
   a - Summon Lightning Spire         Summoning/Air                4
   b - Airstrike                      Air                          4
   c - Silence                        Hexes/Air                    5
   d - Deflect Missiles               Charms/Air                   6
   e - Conjure Ball Lightning         Conjuration/Air              6
   f - Tornado                        Air                          9
 v - a book of Envenomations

   Spells                             Type                      Level
   a - Spider Form                    Transmutation/Poison         3
   b - Olgreb's Toxic Radiance        Poison                       4
   c - Alistair's Intoxication        Transmutation/Poison         5
   d - Poisonous Cloud                Conjuration/Poison/Air       6
 y - an Akashic Record

   Spells                             Type                      Level
   a - Dispersal                      Translocation                6
   b - Malign Gateway                 Summoning/Translocation      7
   c - Disjunction                    Translocation                8
   d - Controlled Blink               Translocation                8
 T - a book of Summonings

   Spells                             Type                      Level
   a - Recall                         Summoning/Translocation      3
   b - Aura of Abjuration             Summoning                    5
   c - Summon Demon                   Summoning                    5
   d - Summon Forest                  Summoning/Translocation      5
   e - Summon Mana Viper              Hexes/Summoning              5
   f - Shadow Creatures               Summoning                    6
Miscellaneous
 L - a phial of floods (inert)
Comestibles
 d - 6 bread rations
 h - 2 fruits
 k - 13 royal jellies


   Skills:
 + Level 11.3(13.9) Short Blades
 - Level 5.0(6.8) Dodging
 + Level 14.8(16.3) Stealth
 - Level 5.0(6.8) Shields
 + Level 9.7 Spellcasting
 - Level 2.2 Conjurations
 - Level 10.2 Hexes
 - Level 2.5 Ice Magic


You had 19 spell levels left.
You knew the following spells:

 Your Spells              Type           Power        Failure   Level  Hunger
c - Confuse               Hex            ######..     1%          3    None
d - Dazzling Spray        Conj/Hex       #####...     1%          3    None
h - Ensorcelled Hibernat  Hex/Ice        #####.       1%          2    None
t - Tukima's Dance        Hex            ######..     1%          3    None


Dungeon Overview and Level Annotations

Branches:
Dungeon (15/15)            Temple (1/1) D:7             Orc (0/2) D:9
 Vaults (0/5) D:13
   Lair: D:8-11      Depths: D:15

Altars:
Ashenzari
Cheibriados
Dithmenos
Elyvilon
Fedhas
Gozag
Kikubaaqudgha
Makhleb
Nemelex Xobeh
Okawaru
Pakellas
Qazlal
Ru
Sif Muna
Trog
Vehumet
Xom
Yredelemnul
Zin
The Shining One

Shops:
D:4 *   D:10 }

Annotations:
D:2 Robin
D:5 Grinder; Pikel; ololoev's ghost, amateur DEFE
D:12 Urug


Innate Abilities, Weirdness & Mutations

You are tiny and cannot use many weapons and most armour.
You have supernaturally acute eyesight.
You are a herbivore.
You cover ground extremely quickly.
You need consume almost no food.


Message History

The brown ugly thing resists with significant effort.
The brown ugly thing basks in the mutagenic energy from its kin and changes!
A brown ugly thing comes into view.
The white ugly thing is no longer blind.
The brown ugly thing gurgles horribly!
You hit the white ugly thing.
The white ugly thing is poisoned.
The white ugly thing is lightly wounded.
You hear a horrible gurgling sound!
You hit the white ugly thing.
The white ugly thing is lightly wounded.
Casting: Confuse
Confirm with . or Enter, or press ? or * to list all spells.
Aiming: Confuse
Press: ? - help, Shift-Dir - straight line, f/p - brown ugly thing
Aim: a brown ugly thing (lightly wounded, chance to defeat MR: 56%)
The white ugly thing resists with significant effort.
The brown ugly thing basks in the mutagenic energy from its kin and changes!
The white ugly thing trunk-slaps you! The white ugly thing freezes you!!
Ouch! That really hurt!
You die...

* *#........ * ..,
,*#.##.##.#..# * #.
#.##.##.#... #.
###.........%# #.
#......#..#.##
#.###......#..#.#.
#..##............#
#####.##.....##..###.
#uuu@........##..####
#..#########........#
#..* , , #..#####.#
#..u , ,#.## .# ##.u*
, #.# * # #.. _, ,^..
* #..* ,, ,.#.. * **
#.. ..#..* *, *
..,#..#


You could see 3 ugly things.

Vanquished Creatures
  Erica (D:8)
  An orc knight (D:14)
  9 ugly things
  A wizard (D:15)
  An orc sorcerer (D:15)
  2 centaur zombies (D:12)
  2 centaur skeletons
  5 trolls
  A freezing wraith (D:14)
  A wind drake (shapeshifter) (D:14)
  Prince Ribbit (D:8)
  2 wraiths
  A vampire (D:12)
  Eustachio (D:6)
  2 hungry ghosts
  12 yaks
  2 hippogriffs
  A water moccasin (D:7)
  3 sky beasts
  An orc warrior (D:12)
  4 ice beasts
  A black bear (D:7)
  A wasp (D:14)
  A phantom (D:10)
  2 ogres
  A crocodile (D:8)
  5 centaurs
  A big kobold (D:8)
  Blork the orc (D:5)
  8 giant frogs
  A wyvern skeleton (D:14)
  A scorpion (D:8)
  2 wights
  5 crimson imps
  2 giant frog zombies
  3 hounds
  5 jellies
  An orc priest (D:13)
  2 human zombies (D:14)
  A human skeleton (D:14)
  An iguana (D:6)
  6 orc wizards
  5 worker ants
  A killer bee zombie (D:7)
  4 mummies (D:14)
  15 adders
  3 river rats (Sewer)
  8 oozes
  3 giant geckos
  29 orcs
  15 ball pythons
  4 bats
  6 giant cockroaches
  4 goblins
  4 hobgoblins
  A quokka (D:7)
  A giant gecko skeleton (D:6)
  8 giant newts
  A hobgoblin zombie (D:9)
  A jackal skeleton (D:6)
  A jackal zombie (D:5)
  11 kobolds
  8 orc zombies
  27 rats
265 creatures vanquished.

Vanquished Creatures (collateral kills)
  A vault guard (D:13)
  A death knight (D:14)
  3 hill giants
  An orc warrior (D:13)
  A wight (D:14)
  A human zombie (D:14)
  2 orcs
10 creatures vanquished.

Vanquished Creatures (others)
  A dancing weapon (D:14)
1 creature vanquished.

Grand Total: 276 creatures vanquished

Notes
Turn   | Place    | Note
--------------------------------------------------------------
     0 | D:1      | ipx the Spriggan Enchanter began the quest for the Orb.
     0 | D:1      | Reached XP level 1. HP: 9/9 MP: 5/5
   119 | D:1      | Reached XP level 2. HP: 8/13 MP: 4/7
   131 | D:1      | Learned a level 2 spell: Ensorcelled Hibernation
   243 | D:3      | Reached XP level 3. HP: 7/16 MP: 3/8
   295 | D:3      | Found a glowing drain.
   377 | D:2      | Noticed Robin
   443 | D:3      | Reached skill level 1 in Ice Magic
   482 | D:3      | Reached skill level 5 in Hexes
   657 | D:2      | Reached XP level 4. HP: 10/21 MP: 3/10
   781 | Sewer    | Entered a sewer
   787 | Sewer    | Learned a level 3 spell: Confuse
  1248 | Sewer    | Reached XP level 5. HP: 24/24 MP: 1/11
  1583 | Sewer    | Reached XP level 6. HP: 28/28 MP: 7/14
  1786 | D:4      | Reached skill level 5 in Stealth
  1786 | D:4      | Reached skill level 5 in Spellcasting
  1799 | D:4      | Found Gozag's Platinum Reserve.
  1839 | D:5      | Entered Level 5 of the Dungeon
  1887 | D:5      | Noticed Blork the orc
  1900 | D:5      | Killed Blork the orc
  1933 | D:5      | Noticed ololoev's ghost (amateur DEFE)
  2027 | D:5      | Noticed Pikel
  2027 | D:5      | Noticed a slave
  2027 | D:5      | Noticed a slave
  2027 | D:5      | Noticed a slave
  2028 | D:5      | Noticed a slave
  2046 | D:5      | Noticed Grinder
  2068 | D:6      | Found a deep blue altar of Sif Muna.
  2076 | D:6      | Reached XP level 7. HP: 21/32 MP: 2/16
  2213 | D:6      | Learned a level 3 spell: Tukima's Dance
  2242 | D:6      | Found a white marble altar of Elyvilon.
  2242 | D:6      | Found a deep blue altar of Sif Muna.
  2242 | D:6      | Found a snail-covered altar of Cheibriados.
  2244 | D:6      | Found a sparkling altar of Nemelex Xobeh.
  2244 | D:6      | Found a glowing silver altar of Zin.
  2245 | D:6      | Found a shimmering altar of Xom.
  2331 | D:6      | Reached skill level 6 in Stealth
  2371 | D:7      | Found a staircase to the Ecumenical Temple.
  2388 | Temple   | Entered the Ecumenical Temple
  2416 | Temple   | Became a worshipper of Ashenzari the Shackled
  2453 | D:7      | Identified the ring of the Eleven Lives {SustAt MP+9 Str+3}
  2660 | D:6      | Noticed Eustachio
  2696 | D:6      | Killed Eustachio
  2696 | D:6      | Reached skill level 5 in Short Blades
  2696 | D:6      | Reached XP level 8. HP: 36/36 MP: 14/19
  2730 | D:6      | Found a blossoming altar of Fedhas.
  2784 | D:7      | Reached skill level 7 in Spellcasting
  2820 | D:7      | Noticed a brown ugly thing
  2858 | D:7      | HP: 1/36 [killer bee zombie (5)]
  2879 | D:7      | Killed a brown ugly thing
  3032 | D:7      | Reached skill level 8 in Spellcasting
  3032 | D:7      | Reached XP level 9. HP: 33/39 MP: 4/22
  3132 | D:7      | Found an ancient bone altar of Kikubaaqudgha.
  3299 | D:8      | Found an oddly glowing altar of Pakellas.
  3416 | D:8      | Noticed Erica
  3452 | D:8      | Killed Erica
  3460 | D:8      | Learned a level 3 spell: Dazzling Spray
  3485 | D:8      | Reached * piety under Ashenzari
  3559 | D:8      | Reached skill level 5 in Dodging
  3583 | D:8      | Noticed Prince Ribbit
  3600 | D:8      | Killed Prince Ribbit
  3600 | D:8      | Reached skill level 9 in Short Blades
  3666 | D:9      | Reached skill level 1 in Conjurations
  3717 | D:9      | Found a shadowy altar of Dithmenos.
  3812 | D:9      | Found a staircase to the Orcish Mines.
  3985 | D:10     | Entered Level 10 of the Dungeon
  4082 | D:10     | Reached XP level 10. HP: 44/44 MP: 24/24
  4107 | D:10     | Found a flagged portal.
  4123 | Bailey   | Entered a bailey
  4123 | Bailey   | Identified the cursed +1 war axe "Hujaijed" {flame, rElec SInv Stlth-}
  4129 | Bailey   | Noticed DsMo's ghost (novice DsMo)
  4186 | D:10     | Reached skill level 10 in Short Blades
  4273 | D:10     | Found Oxyn Ijycre's Gadget Emporium.
  4335 | D:11     | Noticed a hill giant
  4343 | D:11     | Killed a hill giant
  4370 | D:11     | Reached ** piety under Ashenzari
  4376 | D:11     | Noticed a brown ugly thing
  4387 | D:11     | Killed a brown ugly thing
  4387 | D:11     | Reached skill level 10 in Stealth
  4387 | D:11     | Reached skill level 1 in Shields
  4440 | D:12     | Noticed a green ugly thing
  4614 | D:11     | Reached skill level 11 in Stealth
  4716 | D:12     | Noticed a deep elf mage
  4875 | D:12     | Noticed Urug
  4893 | D:12     | Noticed a deep elf mage
  4937 | D:12     | Reached skill level 12 in Stealth
  4970 | D:12     | Reached XP level 11. HP: 28/47 MP: 25/25
  5005 | D:13     | Noticed a hill giant
  5016 | D:13     | Killed a hill giant
  5146 | D:13     | Noticed a hill giant
  5157 | D:13     | Killed a hill giant
  5365 | D:14     | Reached skill level 13 in Stealth
  5391 | D:13     | Noticed an orc knight
  5403 | D:13     | Noticed a vault guard
  5424 | D:14     | Killed an orc knight
  5465 | D:14     | Reached *** piety under Ashenzari
  5489 | D:14     | Noticed a green ugly thing
  5490 | D:14     | Noticed a green ugly thing
  5491 | D:14     | Noticed a green ugly thing
  5518 | D:14     | Reached skill level 5 in Shields
  5622 | D:14     | Noticed a death knight
  5622 | D:14     | Noticed a skeletal warrior
  5700 | D:14     | Killed a death knight
  5766 | D:14     | Noticed a white ugly thing
  5766 | D:14     | Noticed a white ugly thing
  5770 | D:14     | Noticed a white ugly thing
  5797 | D:14     | Found a basalt altar of Yredelemnul.
  5897 | D:14     | Killed a white ugly thing
  5902 | D:14     | Killed a white ugly thing
  5907 | D:14     | Killed a white ugly thing
  5907 | D:14     | Reached skill level 14 in Stealth
  5929 | D:14     | Reached skill level 10 in Hexes
  5961 | D:14     | Noticed a green ugly thing
  5961 | D:14     | Noticed a green ugly thing
  5963 | D:14     | Noticed a green ugly thing
  6031 | D:13     | Killed a vault guard
  6055 | D:13     | Found a gate to the Vaults.
  6131 | D:15     | Entered Level 15 of the Dungeon
  6138 | D:15     | Found a stormy altar of Qazlal.
  6155 | D:15     | Noticed a centaur warrior
  6156 | D:15     | Noticed a brown ugly thing
  6156 | D:15     | Noticed a brown ugly thing
  6168 | D:15     | Noticed a brown ugly thing
  6184 | D:15     | Killed a brown ugly thing
  6193 | D:15     | Killed a red ugly thing
  6203 | D:15     | Killed a brown ugly thing
  6203 | D:15     | Reached XP level 12. HP: 24/51 MP: 24/26
  6308 | D:15     | Mangled by a white ugly thing

Vault maps used:
D:1:      dpeg_arrival_another_circle
D:2:      uniq_natasha, uniq_sigmund, uniq_robin, uniq_iyjb
D:3:      gup_sewer_entry_glass
D:4:      nicolae_gozag_zags_fifth_avenue, uniq_duvessa, uniq_edmund
D:5:      first_bread, kennysheep_donut, uniq_blork_the_orc, uniq_pikel,
          uniq_grinder, uniq_crazy_yiuf_cottage
D:6:      old_standard_altar, grunt_temple_overflow_open,
          hangedman_decor_peaks_small, tgw_sif, uniq_eustachio
D:7:      marbit_many_paths, minmay_temple_entry_mist, serial_undead,
          serial_undead_f, serial_undead_d, serial_undead_d, serial_undead_c,
          serial_undead_f, serial_undead_c
D:8:      basic_altar, uniq_erica, uniq_prince_ribbit1
D:9:      minmay_lair_entry_lava, zombieorc2_lemuel, basic_altar
D:10:     serial_shops, nicolae_shop_behind_doors, shop_statue, enter_bailey_2,
          hangedman_little_slice_of_home
D:11:     uniq_harold
D:12:     uniq_urug
D:13:     david_vaults_5, minivault_1
D:14:     lemuel_mausoleum_altar_yredelemnul
D:15:     grunt_enter_depths_magical_seal, lemuel_tele_altar,
          nicolae_qazlal_general_emergency
Temple:   circular_temple_12
Sewer:    sewer_minmay_w
Bailey:   bailey_axe_1, bailey

Action                   |  1- 3 |  4- 6 |  7- 9 | 10-12 || total
-------------------------+-------+-------+-------+-------++-------
Melee: Dagger            |    66 |   170 |    43 |       ||   279
       Short sword       |     2 |       |       |       ||     2
       Rapier            |       |       |   140 |   240 ||   380
 Cast: Corona            |     7 |     5 |       |       ||    12
       Ensorcelled Hiber |    18 |    42 |    39 |    41 ||   140
       Confuse           |       |    14 |    33 |    64 ||   111
       Dazzling Spray    |       |       |     3 |    11 ||    14
       Tukima's Dance    |       |       |       |    15 ||    15
Evoke: Wand              |       |       |       |     2 ||     2
       Phial of floods   |       |       |       |     1 ||     1
  Use: Potion            |       |     2 |     1 |     3 ||     6
       Scroll            |       |     9 |     6 |     7 ||    22
 Stab: Sleeping          |    23 |    35 |    35 |    54 ||   147
       Confused          |       |     8 |    23 |    37 ||    68
       Invisible         |       |       |     1 |     2 ||     3
       Distracted        |       |       |       |     2 ||     2
  Eat: Fruit             |       |     1 |       |       ||     1
       Bread ration      |       |     1 |       |     1 ||     2
